 Dungeon Crawl Stone Soup version 0.18-a0-1084-g259f6cf (webtiles) character file.

5674 Reinor the Covert (level 10, 0/76 HPs)
             Began as a Vampire Enchanter on Jan 15, 2016.
             Was a Believer of Ashenzari.
             Slain by a minotaur
             ... wielding a cursed +1 iron rod (0/12)
              (3 damage)
             ... in a labyrinth.
             The game lasted 00:52:01 (10071 turns).

Reinor the Covert (Vampire Enchanter)              Turns: 10071, Time: 00:52:01

Health: 0/76       AC: 11    Str:  7    XL:     10   Next: 47%
Magic:  3/16       EV: 16    Int: 21    God:    Ashenzari [**....]
Gold:   472        SH:  0    Dex: 15    Spells: 4 memorised, 7 levels left

rFire  + . .     SeeInvis +     g - +2 dagger (drain)
rCold  + + .     Gourm    .     a - +6 leather armour of the Peculiar Wishes {rPois} (curse)
rNeg   + + +     Faith    .     (no shield)
rPois  +         Spirit   .     (no helmet)
rElec  .         Dismiss  .     s - +1 cloak
rCorr  .         Reflect  .     (no gloves)
SustAt .         Harm     .     (no boots)
MR     +....                    (no amulet)
Stlth  ++++++....               j - ring of protection from fire
                                e - +5 ring of slaying (curse)

@: very slightly contaminated, regenerating slowly, somewhat resistant to
hostile enchantments, very stealthy
A: fangs 3, see invisible, wild magic 1, unbreathing
a: Bat Form, Scrying, Renounce Religion


You were in a labyrinth.
You worshipped Ashenzari.
Ashenzari was pleased with you.
You were near bloodless.

You visited 2 branches of the dungeon, and saw 10 of its levels.
You also visited: Labyrinth and Ossuary.

You collected 472 gold pieces.

Inventory:

Hand Weapons
 f - a +2 long sword of draining
 g - a +2 dagger of draining (weapon)
 r - a +0 rapier
Missiles
 x - 26 poisoned needles
Armour
 a - the cursed +6 leather armour of the Peculiar Wishes (worn) {rPois}
   (You found it on level 4 of the Dungeon)

   It protects you from poison.
   It has a curse placed upon it.
 b - a +1 robe
 s - a +1 cloak (worn)
Jewellery
 e - a cursed +5 ring of slaying (left hand)
 j - a ring of protection from fire (right hand)
 p - an uncursed ring of protection from magic
 H - an uncursed amulet of harm
 J - a cursed ring of teleportation
Wands
 c - a wand of polymorph (10/24)
 q - a wand of digging (18/24)
 t - a wand of draining (7/15)
 u - a wand of fire (9/15)
 y - a wand of fireball (4/15)
 C - a wand of digging (11/24)
Scrolls
 n - 2 scrolls of enchant armour
 o - a scroll of amnesia
 w - a scroll of fog
 z - 3 scrolls of curse weapon
 A - a scroll of curse armour
 E - a scroll of holy word {unknown}
 F - a scroll of recharging
 G - a scroll of remove curse
 I - a scroll of teleportation
Potions
 d - 34 potions of blood
 h - 5 potions of curing
 i - 2 potions of flight
 k - a potion of invisibility {unknown}
 l - a potion of resistance {unknown}
 m - 2 potions of might
 v - a potion of agility
 B - a potion of mutation {unknown}
 D - a potion of haste {unknown}


   Skills:
 - Level 6.0 Fighting
 - Level 8.1 Short Blades
 - Level 8.2 Dodging
 - Level 12.0 Stealth
 + Level 4.5 Spellcasting
 - Level 8.1 Hexes


You had 7 spell levels left.
You knew the following spells:

 Your Spells              Type           Power        Failure   Level  Hunger
b - Ensorcelled Hibernat  Hex/Ice        ####..       13%         2    #......
c - Tukima's Dance        Hex            ######..     5%          3    ##.....
d - Confuse               Hex            ######..     5%          3    ##.....
e - Dazzling Spray        Conj/Hex       ####....     22%         3    ##.....


Dungeon Overview and Level Annotations

Branches:
Dungeon (9/15)             Temple (0/1) D:7            Lair (1/8) D:9
    Orc: D:9-12

Altars:
Ashenzari
Elyvilon
Pakellas
Trog
Yredelemnul


Innate Abilities, Weirdness & Mutations

You heal slowly.
You have razor-sharp teeth.
You have supernaturally acute eyesight.
You can survive without breathing.
Your spells are a little harder to cast, but a little more powerful.


Message History

The burst of metal fragments misses you. x4
Casting: Tukima's Dance
Confirm with . or Enter, or press ? or * to list all spells.
You don't know that spell.
You hit the minotaur but do no damage. You drain the minotaur!
You bite the minotaur, but do no damage.
The minotaur is lightly wounded.
The minotaur hits you with an iron rod!!
The minotaur gores you.
Two of your 36 potions of blood rot away.
You hit the minotaur but do no damage.
The minotaur is lightly wounded.
The minotaur hits you with an iron rod. The minotaur gores you!
Casting: Tukima's Dance
Confirm with . or Enter, or press ? or * to list all spells.
You don't have enough magic to cast that spell.
The minotaur hits you with an iron rod!!
* * * LOW HITPOINT WARNING * * *
The minotaur gores you.
You die...

* *.. #..#.# ≈≈#.. ,
.#..'... ≈#..# * * *
#....#. .≈≈# .#, , ,
# ##.# #≈ #..# ,
#..#######..#
##.........##
,........#.#...#....
# *
#######.#.#H#.#.#.*#
, * .#.#@..# *,# **
** ###.#.###. ** ,
,*, ..#...#.., ,
**#.###.#. * * * * ,
..#.,.#,* * * ** *
*##.# *, * * * , #.#
,* .# * , #.# , ,


You could see a minotaur.

Vanquished Creatures
  A wyvern (D:9)
  A spriggan (D:8)
  A hungry ghost (D:9)
  2 hippogriffs
  2 water moccasins (D:8)
  4 sky beasts
  2 ice beasts
  7 orc warriors
  A phantom (D:5)
  2 black bears
  4 ogres
  4 centaurs
  8 giant frogs
  3 scorpions
  A wyvern skeleton (D:8)
  9 killer bees (D:8)
  5 wights (D:6)
  3 crimson imps
  4 hounds
  13 orc wizards
  2 giant frog skeletons
  A human zombie (Ossuary)
  7 orc priests
  2 jellies
  3 iguanas
  A worker ant (D:6)
  A hound zombie (D:6)
  2 worker ant zombies
  6 gnolls
  7 adders
  2 shadow imps
  3 oozes
  2 adder skeletons
  An adder zombie (D:9)
  6 giant geckos
  50 orcs
  3 ball pythons
  7 bats
  2 giant cockroaches
  7 goblins
  10 hobgoblins
  8 kobolds
  3 quokkas
  A giant gecko skeleton (D:7)
  4 giant newts
  2 gnoll zombies
  A hobgoblin zombie (Ossuary)
  7 rats
228 creatures vanquished.

Notes
Turn   | Place    | Note
--------------------------------------------------------------
     0 | D:1      | Reinor the Vampire Enchanter began the quest for the Orb.
     0 | D:1      | Reached XP level 1. HP: 13/13 MP: 3/3
   817 | D:1      | Reached XP level 2. HP: 13/19 MP: 5/5
  1581 | D:2      | Reached XP level 3. HP: 24/24 MP: 6/6
  1685 | D:2      | Learned a level 2 spell: Ensorcelled Hibernation
  1689 | D:2      | Learned a level 3 spell: Tukima's Dance
  2607 | D:3      | Found a shattered altar of Ashenzari.
  2877 | D:3      | Reached XP level 4. HP: 10/30 MP: 7/7
  3102 | D:3      | Became a worshipper of Ashenzari the Shackled
  3297 | D:3      | Reached skill level 5 in Short Blades
  3348 | D:3      | Reached skill level 6 in Stealth
  3348 | D:3      | Reached XP level 5. HP: 9/35 MP: 8/8
  4013 | D:4      | Got the uncursed leather armour of the Peculiar Wishes {rPois}
  4027 | D:4      | Reached skill level 7 in Stealth
  4027 | D:4      | Reached XP level 6. HP: 25/41 MP: 9/9
  4048 | D:4      | Identified the +6 leather armour of the Peculiar Wishes {rPois} (You found it on level 4 of the Dungeon)
  4062 | D:4      | Reached skill level 8 in Stealth
  4230 | D:4      | Found a bloodstained altar of Trog.
  4739 | D:5      | Entered Level 5 of the Dungeon
  4749 | D:5      | Reached XP level 7. HP: 46/46 MP: 9/12
  4766 | D:5      | Got the uncursed scale mail of Happiness {*Drain rN+ Int+6}
  4827 | D:5      | Found a sand-covered staircase.
  4857 | Ossuary  | Entered an ossuary
  4898 | Ossuary  | Reached skill level 5 in Hexes
  5066 | D:5      | Learned a level 3 spell: Confuse
  5070 | D:5      | Learned a level 3 spell: Dazzling Spray
  5362 | D:5      | Identified the +2 scale mail of Happiness {*Drain rN+ Int+6} (You found it on level 5 of the Dungeon)
  5728 | D:6      | Reached skill level 1 in Fighting
  5814 | D:6      | Reached XP level 8. HP: 42/56 MP: 2/14
  6455 | D:6      | Reached * piety under Ashenzari
  6583 | D:6      | Reached skill level 5 in Dodging
  6867 | D:7      | Found a staircase to the Ecumenical Temple.
  7198 | D:7      | Reached XP level 9. HP: 58/64 MP: 9/15
  7643 | D:8      | Reached skill level 5 in Fighting
  7716 | D:8      | Gained mutation: Your spells are a little harder to cast, but a little more powerful. [potion of beneficial mutation]
  7831 | D:8      | Found a basalt altar of Yredelemnul.
  7981 | D:8      | HP: 3/69 [giant frog (6)]
  7987 | D:7      | HP: 1/69 [giant frog (3)]
  8483 | D:8      | Reached XP level 10. HP: 42/76 MP: 16/16
  8871 | D:8      | Found a white marble altar of Elyvilon.
  8967 | D:9      | Reached skill level 9 in Stealth
  9050 | D:9      | Reached skill level 10 in Stealth
  9205 | D:9      | Reached skill level 11 in Stealth
  9245 | D:9      | Reached ** piety under Ashenzari
  9246 | D:9      | Found an oddly glowing altar of Pakellas.
  9335 | D:9      | Found a staircase to the Lair.
  9507 | D:9      | Reached skill level 12 in Stealth
  9854 | Lair:1   | Entered Level 1 of the Lair of Beasts
  9856 | Lair:1   | Found a labyrinth entrance.
  9865 | Lab      | Entered a labyrinth
 10054 | Lab      | Noticed a minotaur
 10071 | Lab      | HP: 3/76 [minotaur/iron rod (29)]
 10071 | Lab      | Slain by a minotaur

Vault maps used:
D:1:      minmay_arrival_jagged
D:2:      minmay_hedge_maze, minmay_misc_feat_more_columns
D:3:      cheibrodos_ashenzari_chains, st_stairs_1
D:4:      lemuel_coloured_pillars_altar, first_bread
D:5:      enter_ossuary_3
D:7:      grunt_temple_overflow_diamond, minmay_temple_entry_statues_fountains
D:8:      kennysheep_ying_yang, the_bakery
D:9:      grunt_pakellas_mercury, lair_0_dummy, bh_walls_and_bars
Lair:1:   nicolae_volcano_entry_lava_flow, lab_entry_generic
Lab:      labyrinth_watery
Ossuary:  ossuary_minmay_tomb_2a

Action                   |  1- 3 |  4- 6 |  7- 9 | 10-12 || total
-------------------------+-------+-------+-------+-------++-------
Melee: Dagger            |   169 |   136 |   391 |   143 ||   839
       Rapier            |       |       |    65 |       ||    65
 Cast: Ensorcelled Hiber |       |    11 |    19 |    18 ||    48
       Confuse           |       |       |     9 |     2 ||    11
       Tukima's Dance    |       |       |       |     3 ||     3
 Abil: End Transformatio |     7 |     8 |    25 |    10 ||    50
       Bat Form          |     7 |     8 |    25 |    10 ||    50
Evoke: Wand              |       |       |       |     3 ||     3
  Use: Scroll            |     7 |     1 |    13 |     2 ||    23
       Potion            |     2 |     3 |    12 |       ||    17
 Stab: Sleeping          |    15 |    12 |    24 |    13 ||    64
       Distracted        |       |       |     6 |       ||     6
       Confused          |       |       |     5 |       ||     5
  Eat: Corpse            |       |     1 |       |       ||     1
